AoeStats
← Horizon

Arabia

507933646Analyzed
1v1 RM · 13d ago on Sep 20, 2026· 26m 52s· 2 players
Game mode
Random Map
Map size
Tiny (2 player)
Population
200
Speed
Normal
Resources
Standard
Victory
Conquest
Starting age
Dark Age
Ending age
Imperial Age
RankedLock teamsTeams togetherTeam positionsShared explorationLock speedFull tech treeHidden civsTurbo modeCheats
Victory
Defeat
🇵🇰 Spanish · Pakistan
1488
+16
🇻🇳 Lithuanians · Vietnam
1483
-16
Couatl
8:40 Loom
11:58 Feudal Age
14:34 Double-Bit Axe
18:39 Fletching
18:56 Horse Collar
23:14 Castle Age
21:50 Gold Mining
23:16 Scale Barding Armor
23:23 Bloodlines
23:48 Forging
24:39 Elite Skirmisher
Horizon
6:28 Loom
9:22 Feudal Age
10:02 Double-Bit Axe
13:21 Fletching
17:28 Horse Collar
21:19 Castle Age
19:26 Horse Collar
22:21 Husbandry
22:32 Bloodlines
22:51 Bow Saw
Connection lost

Rejoining the realm…

Still unreachable

The connection could not be restored.

Session expired

The server has moved on; the page needs a fresh start.